 Dungeon Crawl Stone Soup version 0.22-a0-422-g9628fc8 (webtiles) character file.

2898 Gorice the Destroyer (level 9, -22/45 HPs)
             Began as a Deep Elf Fire Elementalist on May 19, 2018.
             Annihilated by an orc knight
             ... wielding a +0 glaive
              (27 damage)
             ... in a bailey.
             The game lasted 00:33:52 (6509 turns).

Gorice the Destroyer (Deep Elf Fire Elementalist)   Turns: 6509, Time: 00:33:53

Health: -22/45     AC:  6    Str:  5    XL:     9   Next: 49%
Magic:  0/23       EV: 16    Int: 24    God:
Gold:   370        SH:  0    Dex: 15    Spells: 10/25 levels left

rFire    + . .     SeeInvis .   a - +1 dagger (elec)
rCold    x . .     Gourm    .   (no shield)
rNeg     . . .     Faith    .   i - +1 robe
rPois    .         Spirit   .   F - +2 hat
rElec    .         Reflect  .   (no cloak)
rCorr    .         Harm     .   (no gloves)
MR       .....                  z - +0 pair of boots
Stlth    ++........             (no amulet)
HPRegen  0.15/turn              f - ring of fire
MPRegen  0.18/turn              E - +3 ring of evasion

@: very slightly contaminated
A: no striking features
a: no special abilities


You were in a bailey.
You were not hungry.

You visited 1 branch of the dungeon, and saw 7 of its levels.
You also visited: Bailey.

You collected 370 gold pieces.

Inventory:

Hand Weapons
 a - a +1 dagger of electrocution (weapon)
   (You found it on level 1 of the Dungeon)
 d - a +0 whip of flaming
   (You took it off a kobold on level 1 of the Dungeon)
 k - a +0 dagger of venom
   (You took it off an orc wizard on level 7 of the Dungeon)
 o - a +2 trident of venom
   (You took it off a gnoll sergeant on level 6 of the Dungeon)
 v - a +1 flail of protection
   (You took it off a gnoll on level 4 of the Dungeon)
 y - the +4 mace of Demand {flame, +Fly MR+, unknown}
   (You found it on level 4 of the Dungeon)

   It has been specially enchanted to burn those struck by it, causing extra
   injury to most foes and up to half again as much damage against particularly
   susceptible opponents.
   It affects your resistance to hostile enchantments.
   It lets you fly.
 D - a +0 trident of freezing
   (You took it off an orc on level 6 of the Dungeon)
Missiles
 l - 34 sling bullets
 B - 8 needles of paralysis
 Y - 147 stones (quivered)
 Z - a throwing net
Armour
 b - a +0 ring mail
 i - a +1 robe (worn)
 z - a +0 pair of boots (worn)
 F - a +2 hat (worn)
 H - a +0 plate armour
Jewellery
 c - an uncursed ring of protection from cold
 f - a ring of fire (left hand)
 A - an uncursed ring of protection from cold
 E - a +3 ring of evasion (right hand)
Wands
 q - a wand of polymorph (11)
 r - a wand of enslavement (12)
 C - a wand of disintegration (8)
Scrolls
 p - a scroll of teleportation {!r}
 u - 2 scrolls of enchant armour
 w - a scroll of amnesia
Potions
 e - 2 potions of lignification {!q}
 g - 2 potions of haste {!q}
 h - 2 potions of heal wounds {!q}
 j - a potion of invisibility {!q}
 m - a potion of mutation {!q}
 s - 2 potions of degeneration {unknown}
 t - 3 potions of berserk rage {unknown}
 x - 2 potions of cancellation {unknown}
Comestibles
 n - 10 rations


   Skills:
 - Level 2.4 Dodging
 - Level 2.4 Stealth
 + Level 8.5 Spellcasting
 * Level 9.4 Conjurations
 * Level 9.4 Fire Magic


You had 10 spell levels left.
You knew the following spells:

 Your Spells              Type           Power        Failure   Level  Hunger
a - Flame Tongue          Conj/Fire      #####        1%          1    None
b - Throw Flame           Conj/Fire      ######       1%          2    None
c - Conjure Flame         Conj/Fire      ######..     1%          3    None
d - Sticky Flame          Conj/Fire      ######..     1%          4    ##.....
e - Fireball              Conj/Fire      ######....   3%          5    ####...

Your spell library contained the following spells:

 Spells                   Type           Power        Failure   Level  Hunger
 Inner Flame              Hex/Fire       #####...     2%          3    None


Dungeon Overview and Level Annotations

Branches:
Dungeon (7/15)
 Temple: D:4-7

Altars:
Ashenzari
Cheibriados
Gozag
Kikubaaqudgha
Makhleb
Ru
Uskayaw
The Shining One


Message History

Aim: an orc knight, wielding a trident and wearing a plate armour (severely wounded, unusually strong, chance to defeat MR: 48%)
The orc knight resists with some effort.
Casting: Fireball (safe; 3% risk of failure)
Confirm with . or Enter, or press ? or * to list all spells.
Aiming: Conjure Flame (safe; 1% risk of failure)
Press: ? - help, Dir - move target cursor, p - orc knight You feel a surge of power!
The fire ignites!
Casting: Conjure Flame (safe; 1% risk of failure)
Confirm with . or Enter, or press ? or * to list all spells.
Aiming: Conjure Flame (safe; 1% risk of failure)
Press: ? - help, Dir - move target cursor, f - orc knight
Aim: an orc knight, wielding a glaive and wearing a scale mail (flame, unusually strong)
Okay, then.
Casting: Conjure Flame (safe; 1% risk of failure)
Confirm with . or Enter, or press ? or * to list all spells.
Aiming: Conjure Flame (safe; 1% risk of failure)
Press: ? - help, Dir - move target cursor You feel a surge of power!
The fire ignites!
The orc knight is engulfed in blazing flames.
Casting: Conjure Flame (safe; 1% risk of failure)
Confirm with . or Enter, or press ? or * to list all spells.
Aiming: Conjure Flame (safe; 1% risk of failure)
Press: ? - help, Dir - move target cursor You feel a surge of power!
The fire ignites!
The orc knight is engulfed in blazing flames.
The orc knight barely misses you.
The orc knight is engulfed in blazing flames.
Things that are here:
a glaive; a chain mail The orc knight is engulfed in blazing flames.
The orc knight hits you with a glaive!!
Ouch! That really hurt!
* * * LOW HITPOINT WARNING * * *
Damage: 24 (max 24) Unknown command.
Unknown command.
Casting: Conjure Flame (safe; 1% risk of failure)
Confirm with . or Enter, or press ? or * to list all spells.
Aiming: Sticky Flame (safe; 1% risk of failure)
Press: ? - help, Shift-Dir - straight line, f - orc knight
Aim: an orc knight, wielding a glaive and wearing a scale mail (flame, heavily wounded, unusually strong)
You feel a surge of power!
The sticky flame hits the orc knight.
The orc knight is heavily wounded.
The orc knight is covered in liquid flames!
The orc knight burns!
The orc knight burns!
The orc knight is engulfed in blazing flames.
The orc knight hits you from afar with a glaive!!
Ouch! That really hurt!
You die...

#..≈≈§≈≈≈§..##...##..≈.#
..≈≈....§≈§..'#.##.)≈≈.#
.≈≈...)...≈≈..#+#))≈≈.##
.≈≈..⌠∩⌠..≈≈o.# #..≈≈.∩#
..≈≈.§§.)≈≈..# ##.)≈≈.#
'..≈≈§§≈≈≈o.# ##..≈.#
#.........# ##.≈.#
########+###§#########.≈.#
)...##.....##§o.@......≈.#
≈≈≈..##.∩.##..≈≈≈≈≈≈≈≈≈≈.#
..≈≈..## ##..≈≈..........#
#..≈≈..###..≈≈..##########
##..≈≈.....≈≈..##
##..≈≈≈≈≈≈≈..##
##.........## ###########


You could see an orc knight (burning).

Vanquished Creatures
  The ghost of torrenera the Destroyer, a novice DECj of Vehumet (D:6)
  The ghost of barakagiga3 the Vandal, an amateur HaHu (D:3)
  A water moccasin (D:5)
  A black bear (D:6)
  7 orc warriors
  A phantom (D:6)
  A sky beast (D:5)
  A hornet zombie (D:6)
  A necrophage (D:5)
  4 ogres
  A centaur (D:5)
  2 bullfrogs (D:6)
  A gnoll sergeant (D:6)
  A scorpion (D:6)
  A crimson imp (D:6)
  A centaur zombie (D:6)
  A jelly (D:6)
  A centaur skeleton (D:5)
  2 hounds
  A gnoll shaman (D:4)
  2 orc priests
  A bullfrog skeleton (D:3)
  An orc wizard (D:7)
  An iguana (D:4)
  3 worker ants (D:4)
  A hound skeleton (D:5)
  9 gnolls
  6 adders
  A shadow imp (D:5)
  2 oozes (D:1)
  An adder zombie (D:6)
  An adder skeleton (D:6)
  5 worms
  2 leopard geckos
  14 orcs
  A ball python (D:1)
  10 bats
  5 giant cockroaches
  8 goblins
  5 hobgoblins
  6 jackals
  2 quokkas
  5 frilled lizards
  7 kobolds
  6 rats
136 creatures vanquished.

Notes
Turn   | Place    | Note
-------+----------+-------------------------------------------
     0 | D:1      | Gorice the Deep Elf Fire Elementalist began the quest for the Orb.
     0 | D:1      | Reached XP level 1. HP: 10/10 MP: 6/6
   119 | D:1      | HP: 2/10 [jackal (3)]
   456 | D:1      | HP: 3/10 [kobold/club (7)]
   468 | D:1      | Reached skill level 2 in Conjurations
   468 | D:1      | Reached XP level 2. HP: 6/15 MP: 4/8
   933 | D:1      | Reached XP level 3. HP: 16/19 MP: 7/10
  1353 | D:1      | Learned a level 2 spell: Throw Flame
  1357 | D:1      | Learned a level 3 spell: Conjure Flame
  1400 | D:2      | Reached skill level 3 in Conjurations
  1656 | D:2      | Reached skill level 4 in Spellcasting
  1849 | D:2      | Reached XP level 4. HP: 24/24 MP: 9/12
  2207 | D:3      | Noticed barakagiga3's ghost (amateur HaHu)
  2235 | D:3      | Killed barakagiga3's ghost
  2235 | D:3      | Reached skill level 4 in Conjurations
  2235 | D:3      | Reached skill level 4 in Fire Magic
  2235 | D:3      | Reached XP level 5. HP: 27/28 MP: 2/14
  2765 | D:3      | Reached skill level 5 in Spellcasting
  2885 | D:3      | Learned a level 4 spell: Sticky Flame
  2941 | D:4      | Noticed an ogre
  2953 | D:4      | Killed an ogre
  2953 | D:4      | Reached XP level 6. HP: 32/32 MP: 8/15
  2989 | D:4      | Reached skill level 5 in Conjurations
  2989 | D:4      | Reached skill level 5 in Fire Magic
  3811 | D:4      | Reached XP level 7. HP: 36/36 MP: 12/17
  3871 | D:4      | Got a pitted mace
  4233 | D:5      | Entered Level 5 of the Dungeon
  4324 | D:5      | Reached skill level 6 in Spellcasting
  4324 | D:5      | Reached skill level 6 in Conjurations
  4324 | D:5      | Reached skill level 6 in Fire Magic
  4432 | D:5      | Found an opulent altar of Gozag.
  4574 | D:5      | Reached XP level 8. HP: 41/41 MP: 12/19
  4581 | D:5      | Learned a level 5 spell: Fireball
  4963 | D:6      | Reached skill level 7 in Conjurations
  4963 | D:6      | Reached skill level 7 in Fire Magic
  5058 | D:6      | Noticed torrenera's ghost (novice DECj)
  5066 | D:6      | Killed torrenera's ghost
  5066 | D:6      | Reached skill level 7 in Spellcasting
  5104 | D:6      | Found a snail-covered altar of Cheibriados.
  5104 | D:6      | Found a shattered altar of Ashenzari.
  5104 | D:6      | Found an ancient bone altar of Kikubaaqudgha.
  5104 | D:6      | Found a hide-covered altar of Uskayaw.
  5104 | D:6      | Found a sacrificial altar of Ru.
  5104 | D:6      | Found a burning altar of Makhleb.
  5105 | D:6      | Found a glowing golden altar of the Shining One.
  5125 | D:6      | HP: 7/41 [orc warrior/scimitar (14)]
  5126 | D:6      | Reached skill level 8 in Conjurations
  5131 | D:6      | Reached skill level 8 in Fire Magic
  5577 | D:6      | Reached XP level 9. HP: 36/45 MP: 16/22
  5869 | D:7      | Found a flagged portal.
  5886 | D:7      | Reached skill level 8 in Spellcasting
  6099 | Bailey   | Entered a bailey
  6185 | Bailey   | Reached skill level 9 in Conjurations
  6187 | Bailey   | Reached skill level 9 in Fire Magic
  6329 | Bailey   | Noticed an orc knight
  6480 | Bailey   | Noticed an orc knight
  6507 | Bailey   | HP: 5/45 [orc knight/glaive (24)]
  6509 | Bailey   | Annihilated by an orc knight

Vault maps used:
D:1:      saegor_arrival_under_anarchy, serial_forest,
          infiniplex_forest_fountain, infiniplex_forest_straight_4,
          infiniplex_forest_straight_3, infiniplex_forest_lined_room_2,
          infiniplex_forest_end_2, infiniplex_forest_lined_room_3,
          infiniplex_forest_clump_long, infiniplex_forest_fountain,
          infiniplex_forest_lined_room_2, hangedman_abyss_or_decor_lesser_grid,
          hex_tiny
D:2:      st_stairs_12, kennysheep_pointless_box
D:3:      hangedman_decor_growths, serial_bayou_lagoon_b
D:4:      first_ration
D:5:      nicolae_gozag_seed_capital, kennysheep_path_1,
          kennysheep_big_empty_room, minmay_misc_feat_four_crosses,
          moated_statue, feat_on_display
D:6:      grunt_temple_overflow_open, basic_altar
D:7:      trog_ov_bears_minmay, lemuel_round_altar, temple_fountains,
          enter_bailey_2, uniq_joseph
Bailey:   bailey_polearm_1, bailey

Skill      XL: |  1  2  3  4  5  6  7  8  9 |
---------------+----------------------------+-----
Conjurations   | 2 3 4 5 6 8 9 |  9.4
Spellcasting   | 4 5 6 7 8 |  8.5
Fire Magic     | 4 5 6 8 9 |  9.4
Dodging        | |  2.4
Stealth        | |  2.4

Action                   |  1- 3 |  4- 6 |  7- 9 || total
-------------------------+-------+-------+-------++-------
Melee: Whip              |     4 |       |       ||     4
       Dagger            |       |     6 |    39 ||    45
       Short sword       |       |       |     8 ||     8
Throw: Stone             |       |     2 |     8 ||    10
 Cast: Flame Tongue      |    74 |    71 |   132 ||   277
       Conjure Flame     |       |     6 |    15 ||    21
       Throw Flame       |       |       |    10 ||    10
       Sticky Flame      |       |       |     5 ||     5
       Fireball          |       |       |     7 ||     7
Evoke: Wand              |       |       |     5 ||     5
  Use: Scroll            |     4 |     8 |     4 ||    16
       Potion            |       |       |     2 ||     2
 Stab: Sleeping          |       |       |     1 ||     1
  Eat: Chunk             |     3 |     6 |    10 ||    19
Armor: Robe              |     8 |     4 |    15 ||    27
Dodge: Dodged            |    21 |    19 |    79 ||   119

Table legend:
 A = Spawn XP
 B = Non-spawn XP
 C = Spawn XP percentage of total XP
 D = Spawn monster count
 E = Non-spawn monster count
 F = Spawn count percentage of total count
 G = Total turns spent on level
                    A         B        C        D         E        F      G
               +---------+---------+-------+---------+---------+-------+---------
         Total |       0 |    4140 |   0.0 |       0 |     136 |   0.0 |  6509
               +---------+---------+-------+---------+---------+-------+---------
           D:1 |       0 |      49 |   0.0 |       0 |      24 |   0.0 |  1358
           D:2 |       0 |      59 |   0.0 |       0 |      21 |   0.0 |   673
           D:3 |       0 |     258 |   0.0 |       0 |      18 |   0.0 |   855
           D:4 |       0 |     418 |   0.0 |       0 |      16 |   0.0 |  1347
           D:5 |       0 |     763 |   0.0 |       0 |      12 |   0.0 |   702
           D:6 |       0 |    1583 |   0.0 |       0 |      27 |   0.0 |   913
           D:7 |       0 |     204 |   0.0 |       0 |       6 |   0.0 |   251
        Bailey |       0 |     806 |   0.0 |       0 |      12 |   0.0 |   410
               +---------+---------+-------+---------+---------+-------+---------

Table legend:
 A = Turns spent in this place as a percentage of turns spent in the entire game.
 B = Non-inter-level travel turns spent in this place as a percentage of non-inter-level travel turns spent in the entire game.
 C = Inter-level travel turns spent in this place as a percentage of turns spent in this place.
 D = Turns resting spent in this place as a percentage of non-inter-level travel turns spent in this place.
 E = Turns spent auto-exploring this place as a percentage of non-inter-level travel turns spent in this place.
 F = Non-inter-level travel turns spent in this place divided by the number of levels of this place that you've seen.
                   A       B       C       D       E      F
               +-------+-------+-------+-------+-------+----------------------
         Total | 100.0 | 100.0 |   2.2 |  21.4 |  45.8 | 796.0
       Dungeon |  93.7 |  93.6 |   2.3 |  21.2 |  48.9 | 851.1
        Bailey |   6.3 |   6.4 |   0.0 |  24.4 |   0.0 | 410.0
               +-------+-------+-------+-------+-------+----------------------

Vault maps used:
D:1:      saegor_arrival_under_anarchy, serial_forest,
          infiniplex_forest_fountain, infiniplex_forest_straight_4,
          infiniplex_forest_straight_3, infiniplex_forest_lined_room_2,
          infiniplex_forest_end_2, infiniplex_forest_lined_room_3,
          infiniplex_forest_clump_long, infiniplex_forest_fountain,
          infiniplex_forest_lined_room_2, hangedman_abyss_or_decor_lesser_grid,
          hex_tiny
D:2:      st_stairs_12, kennysheep_pointless_box
D:3:      hangedman_decor_growths, serial_bayou_lagoon_b
D:4:      first_ration
D:5:      nicolae_gozag_seed_capital, kennysheep_path_1,
          kennysheep_big_empty_room, minmay_misc_feat_four_crosses,
          moated_statue, feat_on_display
D:6:      grunt_temple_overflow_open, basic_altar
D:7:      trog_ov_bears_minmay, lemuel_round_altar, temple_fountains,
          enter_bailey_2, uniq_joseph
Bailey:   bailey_polearm_1, bailey
